 Dungeon Crawl Stone Soup version 0.21.0 (webtiles) character file.

17854 TheDeThijs the Cleaver (level 12, 0/112 HPs)
             Began as a Hill Orc Fighter on Jan 7, 2018.
             Was a High Priest of Beogh.
             Slain by an apocalypse crab (5 damage)
             ... on level 1 of the Abyss.
             The game lasted 00:53:06 (12280 turns).

TheDeThijs the Cleaver (Hill Orc Fighter)          Turns: 12280, Time: 00:53:07

Health: 0/112      AC: 15    Str: 24    XL:     12   Next: 52%
Magic:  12/12      EV:  2    Int:  8    God:    Beogh [*****.]
Gold:   969        SH:  0    Dex: 10    Spells: 11/11 levels left

rFire    . . .     SeeInvis .   m - +1 hand axe (freeze)
rCold    . . .     Gourm    .   c - +1 shield
rNeg     + + +     Faith    .   b - +0 scale mail
rPois    ∞         Spirit   .   (no helmet)
rElec    .         Reflect  .   (no cloak)
rCorr    .         Harm     .   l - +0 pair of gloves
MR       .....                  (no boots)
Stlth    ..........             u - amulet of regeneration
HPRegen  0.68/turn              p - +5 ring of protection
MPRegen  0.13/turn              B - ring of poison resistance

@: petrified
A: walk on water
a: Smiting, Recall Orcish Followers, Give Item to Named Follower, Renounce
Religion


You were on level 1 of the Abyss.
You worshipped Beogh.
Beogh was extremely pleased with you.
You were not hungry.

You visited 2 branches of the dungeon, and saw 14 of its levels.
You visited the Abyss 1 time.

You collected 969 gold pieces.

Inventory:

Hand Weapons
 a - a +1 war axe
 m - a +1 hand axe of freezing (weapon)
 L - a +0 executioner's axe
Armour
 b - a +0 scale mail (worn)
 c - a +1 shield (worn)
 l - a +0 pair of gloves (worn)
Jewellery
 p - a +5 ring of protection (left hand)
 u - an amulet of regeneration (around neck)
 y - an uncursed ring of ice
 B - a ring of poison resistance (right hand)
 N - an uncursed amulet of guardian spirit {unknown}
Wands
 d - a wand of flame (78)
 q - a wand of disintegration (24)
 z - a wand of acid (9)
 A - a wand of random effects (27)
 C - a wand of iceblast (16)
 G - a wand of enslavement (19)
 H - a wand of clouds (10)
 J - a wand of digging (8)
Scrolls
 e - 2 scrolls of enchant armour
 j - 8 scrolls of identify
 k - 3 scrolls of amnesia
 o - 5 scrolls of teleportation
 D - 3 scrolls of enchant weapon
 I - 2 scrolls of remove curse
 M - a scroll of fog
Potions
 g - 3 potions of haste
 h - 2 potions of brilliance
 i - 3 potions of agility
 n - a potion of degeneration {unknown}
 r - 2 potions of mutation {unknown}
 s - 2 potions of lignification
 v - a potion of curing
 w - 2 potions of flight
 x - a potion of experience {unknown}
 E - a potion of resistance {unknown}
 F - a potion of berserk rage
Books
 K - a book of Necromancy

   Spells                             Type                      Level
   a - Pain                           Necromancy                   1
   b - Animate Skeleton               Necromancy                   1
   c - Vampiric Draining              Necromancy                   3
   d - Regeneration                   Charms/Necromancy            3
   e - Animate Dead                   Necromancy                   4
   f - Borgnjor's Vile Clutch         Necromancy/Earth             5
Comestibles
 f - 23 rations


   Skills:
 - Level 12.0 Fighting
 - Level 14.1 Axes
 + Level 10.7 Armour
 + Level 11.7 Shields


You had 11 spell levels left.
You didn't know any spells.

Dungeon Overview and Level Annotations

Branches:
Dungeon (13/15)            Temple (1/1) D:5            Lair (0/6) D:9
    Orc (0/2) D:9
 Vaults: D:13-14

Altars:
Ashenzari
Cheibriados
Dithmenos
Elyvilon
Fedhas
Gozag
Hepliaklqana
Kikubaaqudgha
Makhleb
Nemelex Xobeh
Okawaru
Qazlal
Ru
Sif Muna
Trog
Uskayaw
Vehumet
Wu Jian
Xom
Yredelemnul
Zin
The Shining One

Shops:
D:9 ?

Annotations:
D:4 Blork the orc
D:13 Sonja


Message History

The smoke demon is engulfed in blazing flames.
The smoke demon gestures at you. Something smites you!
* * * LOW HITPOINT WARNING * * *
Your limbs are stiffening.
You feel better.
The smoke demon is engulfed in blazing flames.
The apocalypse crab bites you but does no damage.
The apocalypse crab barely misses you.
You have turned to stone.
The smoke demon is engulfed in blazing flames.
The apocalypse crab bites you.
* * * LOW HITPOINT WARNING * * *
The apocalypse crab freezes you!!
* * * LOW HITPOINT WARNING * * *
The apocalypse crab claws you but does no damage.
The smoke demon is engulfed in blazing flames.
The apocalypse crab bites you.
* * * LOW HITPOINT WARNING * * *
The apocalypse crab shocks you!
You die...

. . ## . #.## .# # #
..# .# . ..###.# # #
#.#..# ..# # #
#.###.#..##..# ## # #
...##t@....#
.......#####.#R#######
.. #...#..3## ##..#
#.).§.# #
##...####§.## .## . ..
..### .#. ..#.#4# #
..##....#.### #. ....
#§#


You could see an apocalypse crab, a hellwing, a smoke demon and an efreet.

Vanquished Creatures
  3 two-headed ogres
  The ghost of xight the Thaumaturge, a journeyman DEFE of Vehumet (D:10)
  A thrashing horror (Abyss:1)
  Pikel (D:5)
  An ugly thing (D:11)
  A wolf spider zombie (D:10)
  2 cyclopes (D:12)
  4 centaur zombies
  Maurice (D:8)
  Joseph (D:9)
  A komodo dragon (D:11)
  A catoblepas skeleton (Abyss:1)
  4 trolls
  Prince Ribbit (D:5)
  6 slime creatures
  4 hippogriffs
  A spriggan (D:7)
  A shadow (D:12)
  A small abomination (Abyss:1)
  A wyvern (D:11)
  Sigmund (D:6)
  A large abomination (Abyss:1)
  2 vampire mosquitoes (D:12)
  A soldier ant (D:12)
  An acid dragon (D:12)
  Edmund (D:6)
  2 hell hounds (D:9)
  A water moccasin (D:11)
  Duvessa (D:5)
  3 ice beasts
  A sky beast (D:7)
  An orc warrior (D:8)
  A black bear (D:10)
  2 phantoms
  A necrophage (D:11)
  5 ogres
  3 centaurs (D:11)
  2 crocodiles
  8 big kobolds
  7 bullfrogs
  Dowan (D:5)
  4 scorpions
  16 killer bees
  12 wights
  7 howler monkeys
  3 electric eels (D:6)
  4 bullfrog zombies
  A crimson imp (D:12)
  2 centaur skeletons
  6 hounds
  A jelly (D:7)
  6 orc wizards
  A bullfrog skeleton (D:9)
  Ijyb (D:4)
  Natasha (thrice) (D:4)
  6 iguanas
  14 worker ants
  A worker ant zombie (D:10)
  10 gnolls
  13 adders
  5 shadow imps
  2 ufetubi (Abyss:1)
  3 oozes
  A worm (D:5)
  2 dart slugs
  4 leopard geckos
  20 orcs
  12 giant cockroaches
  15 goblins
  14 hobgoblins
  10 jackals
  5 quokkas
  3 ball pythons
  9 bats
  5 frilled lizards
  66 kobolds
  A leopard gecko skeleton (D:4)
  13 rats
384 creatures vanquished.

Vanquished Creatures (others)
  An orc warrior (D:12)
  An orc priest (D:12)
  An adder (D:6)
  6 orcs (D:12)
  3 kobolds (D:6)
12 creatures vanquished.

Grand Total: 396 creatures vanquished

Notes
Turn   | Place    | Note
-------+----------+-------------------------------------------
     0 | D:1      | TheDeThijs the Hill Orc Fighter began the quest for the Orb.
     0 | D:1      | Reached XP level 1. HP: 19/19 MP: 1/1
    79 | D:1      | Reached skill level 3 in Axes
    79 | D:1      | Reached XP level 2. HP: 21/27 MP: 2/2
   210 | D:1      | Reached XP level 3. HP: 27/33 MP: 3/3
   468 | D:1      | Reached skill level 4 in Axes
  1080 | D:2      | Reached XP level 4. HP: 40/40 MP: 4/4
  1205 | D:2      | Reached skill level 5 in Axes
  1904 | D:3      | Found a hide-covered altar of Uskayaw.
  1913 | D:3      | Noticed a dagger
  1914 | D:3      | Noticed a dagger
  1987 | D:3      | Reached XP level 5. HP: 47/47 MP: 5/5
  2036 | D:3      | Reached skill level 6 in Axes
  2053 | D:3      | Found a shattered altar of Ashenzari.
  2060 | D:3      | Noticed an ogre
  2101 | D:3      | Killed an ogre
  2101 | D:3      | Reached skill level 7 in Axes
  2187 | D:3      | Reached XP level 6. HP: 53/53 MP: 6/6
  2246 | D:3      | Found a hazy altar of Hepliaklqana.
  2248 | D:3      | Found a shimmering altar of Xom.
  2248 | D:3      | Found a shimmering altar of Xom.
  2250 | D:3      | Found a hide-covered altar of Uskayaw.
  2250 | D:3      | Found a stormy altar of Qazlal.
  2250 | D:3      | Found a glowing golden altar of the Shining One.
  2891 | D:4      | Reached skill level 8 in Axes
  2998 | D:4      | Noticed Blork the orc
  3039 | D:4      | Noticed an orc warrior
  3098 | D:4      | Reached skill level 5 in Fighting
  3101 | D:4      | Noticed Ijyb
  3129 | D:3      | Reached XP level 7. HP: 49/61 MP: 7/7
  3179 | D:4      | Reached skill level 9 in Axes
  3253 | D:4      | Killed Ijyb
  3321 | D:4      | Reached skill level 10 in Axes
  3439 | D:4      | Noticed Natasha
  3452 | D:4      | Killed Natasha
  3524 | D:4      | Noticed Natasha
  3540 | D:4      | Killed Natasha
  3605 | D:4      | Noticed Natasha
  3610 | D:4      | Killed Natasha
  3721 | D:5      | Entered Level 5 of the Dungeon
  3745 | D:5      | Found a staircase to the Ecumenical Temple.
  3753 | Temple   | Entered the Ecumenical Temple
  3953 | D:5      | Reached XP level 8. HP: 69/69 MP: 8/8
  4047 | D:5      | Noticed Dowan
  4080 | D:5      | Killed Dowan
  4081 | D:5      | Noticed Duvessa
  4111 | D:5      | Killed Duvessa
  4111 | D:5      | Reached skill level 11 in Axes
  4369 | D:5      | Noticed Prince Ribbit
  4401 | D:5      | Found a shadowy altar of Dithmenos.
  4474 | D:5      | Reached skill level 12 in Axes
  4526 | D:5      | Reached XP level 9. HP: 75/78 MP: 9/9
  4528 | D:5      | Noticed Pikel
  4544 | D:5      | Killed Pikel
  4544 | D:5      | Reached skill level 13 in Axes
  4626 | D:5      | Killed Prince Ribbit
  4626 | D:5      | Reached skill level 14 in Axes
  4675 | D:6      | Found an ornate altar of the Wu Jian Council.
  4675 | D:6      | Found a bloodstained altar of Trog.
  5017 | D:6      | Noticed Sigmund
  5025 | D:6      | Killed Sigmund
  5690 | D:6      | Noticed Edmund
  5710 | D:6      | Killed Edmund
  5829 | D:6      | Became a worshipper of Beogh the Brigand
  5900 | D:6      | Reached XP level 10. HP: 77/91 MP: 10/10
  5929 | D:6      | Reached * piety under Beogh
  6137 | D:7      | Reached skill level 5 in Armour
  6199 | D:7      | Reached skill level 5 in Shields
  7019 | D:7      | Reached skill level 10 in Fighting
  7209 | D:8      | Noticed a two-headed ogre
  7269 | D:8      | Killed a two-headed ogre
  7294 | D:8      | Reached ** piety under Beogh
  7505 | D:8      | Noticed Maurice
  7607 | D:8      | Found a shadowy altar of Dithmenos.
  8159 | D:9      | Found a staircase to the Lair.
  8446 | D:9      | Found a staircase to the Orcish Mines.
  8472 | D:9      | Noticed Joseph
  8489 | D:9      | Killed Joseph
  8504 | D:9      | Found a sparkling altar of Nemelex Xobeh.
  8519 | D:9      | Reached XP level 11. HP: 98/102 MP: 11/11
  8792 | D:9      | Found Juhy's Magic Scroll Shop.
  9115 | D:10     | Entered Level 10 of the Dungeon
  9133 | D:10     | Noticed xight's ghost (journeyman DEFE)
  9232 | D:10     | Killed xight's ghost
  9232 | D:10     | Reached *** piety under Beogh
  9460 | D:8      | Killed Maurice
 10026 | D:11     | Reached **** piety under Beogh
 10108 | D:11     | Noticed a two-headed ogre
 10193 | D:11     | Killed a two-headed ogre
 10303 | D:11     | Noticed a brown ugly thing
 10317 | D:11     | Killed a brown ugly thing
 10692 | D:12     | Reached skill level 10 in Shields
 10692 | D:12     | Reached XP level 12. HP: 111/111 MP: 12/12
 10817 | D:12     | Noticed a two-headed ogre
 10879 | D:12     | Killed a two-headed ogre
 10879 | D:12     | Reached skill level 10 in Armour
 12047 | D:13     | Noticed Sonja
 12051 | D:13     | Cast into level 1 of the Abyss (Sonja)
 12152 | Abyss:1  | Noticed a thrashing horror
 12170 | Abyss:1  | Killed a thrashing horror
 12222 | Abyss:1  | Reached ***** piety under Beogh
 12280 | Abyss:1  | HP: 5/112 [apocalypse crab (2)]
 12280 | Abyss:1  | Slain by an apocalypse crab

Skill      XL: |  1  2  3  4  5  6  7  8  9 10 11 12 |
---------------+-------------------------------------+-----
Axes           | 3 4 5 7 8 10 12 14 | 14.1
Fighting       | 4 5 6 9 11 12 | 12.0
Shields        | 4 7 10 11 | 11.7
Armour         | 4 6 9 10 | 10.7

Action                   |  1- 3 |  4- 6 |  7- 9 | 10-12 || total
-------------------------+-------+-------+-------+-------++-------
Melee: War axe           |   149 |    21 |       |       ||   170
       Hand axe          |       |   191 |   472 |   941 ||  1604
Invok: Convert to Beogh  |       |       |     1 |       ||     1
       Recall Orcish Fol |       |       |       |     1 ||     1
Evoke: Wand              |       |       |     9 |    10 ||    19
  Use: Scroll            |       |     4 |     1 |    15 ||    20
       Potion            |       |       |     5 |     9 ||    14
 Stab: Distracted        |       |       |       |     1 ||     1
  Eat: Chunk             |       |     8 |     5 |    15 ||    28
       Ration            |       |       |     1 |     2 ||     3
Armor: Scale mail        |    75 |   104 |   165 |   277 ||   621
Dodge: Dodged            |    40 |    66 |    83 |   205 ||   394
Block: Shield            |    79 |    81 |   149 |   460 ||   769
